 Dungeon Crawl Stone Soup version 0.29.1-2-gbd0b4ee654 (webtiles) character file.

Game seed: 1751004880461453724

7543 Lutefisk the Tainter (level 11, -18/95 HPs)
             Began as a Naga Venom Mage on Nov 12, 2022.
             Was a Follower of Hepliaklqana.
             Hit by a javelin thrown by Urug (25 damage)
             ... on level 10 of the Dungeon.
             The game lasted 00:52:32 (7053 turns).

Lutefisk the Tainter (Naga Venom Mage)              Turns: 7053, Time: 00:52:33

Health: -18/95     AC:  7    Str: 11    XL:     11   Next: 16%
Magic:  1/21       EV: 10    Int: 20    God:    Hepliaklqana [*.....]
Gold:   535        SH:  0    Dex: 11    Spells: 11/24 levels left

rFire   . . .      SeeInvis +   B - +3 quarterstaff (chaos)
rCold   . . .      Faith    .   (shield currently unavailable)
rNeg    . . .      Spirit   .   I - +0 troll leather armour
rPois   +          Reflect  .   (no helmet)
rElec   .          Harm     .   A - +0 cloak
rCorr   .          Rampage  .   (no gloves)
Will    +....                   (no barding)
Stlth   +++.......              (no amulet)
HPRegen 1.05/turn               (no ring)
MPRegen 0.17/turn               (no ring)

@: very slow
A: reduced essence, AC +3, large, see invisible, deformed body, poison
resistance, slowness 2, spit poison 1, naga tail 1
a: Spit Poison, Renounce Religion, Recall Ancestor, Ancestor Identity


You were on level 10 of the Dungeon.
You worshipped Hepliaklqana.
Hepliaklqana was aware of your devotion.
You visited 2 branches of the dungeon, and saw 11 of its levels.

You collected 535 gold pieces.

Inventory:

Hand Weapons
 i - a +2 dagger of venom
 l - a +4 sling
 w - a +1 dagger of electrocution
 B - a +3 quarterstaff of chaos (weapon)
 J - the +1 sling of Cataclysm {flame, Fragile Will+++ Str+4 Int+3}
   (You found it on level 7 of the Dungeon)

   Any ammunition fired from it burns those it strikes, dealing additional fire
   damage.
   Str:       It affects your strength (+4).
   Int:       It affects your intelligence (+3).
   Fragile:   It will be destroyed if unequipped.
   Will:      It greatly increases your willpower.
Armour
 a - a +0 robe
 A - a +0 cloak (worn)
 C - a +2 ring mail of cold resistance
 G - a +0 pair of gloves
 I - a +0 troll leather armour (worn)
 L - +0 steam dragon scales
Magical Staves
 N - a staff of cold
Jewellery
 M - a ring of willpower
Wands
 f - a wand of flame (77)
 H - a wand of polymorph (8)
Scrolls
 d - a scroll of summoning {unknown}
 e - a scroll of blinking
 h - 3 scrolls of teleportation
 k - 5 scrolls of immolation
 n - 2 scrolls of fear {unknown}
 r - 2 scrolls of poison {unknown}
 s - a scroll of noise {unknown}
 t - 2 scrolls of magic mapping {unknown}
 x - 3 scrolls of enchant weapon {unknown}
 y - 2 scrolls of enchant armour {unknown}
 D - a scroll of amnesia {unknown}
 K - a scroll of acquirement {unknown}
Potions
 b - 3 potions of magic
 c - 3 potions of resistance
 g - 2 potions of flight {unknown}
 j - 2 potions of curing
 m - 7 potions of lignification
 o - a potion of might
 p - a potion of invisibility {unknown}
 q - 2 potions of brilliance {unknown}
 u - a potion of berserk rage {unknown}
 v - 4 potions of haste
 z - 2 potions of attraction {unknown}
 E - 2 potions of heal wounds {unknown}
 F - a potion of mutation {unknown}


   Skills:
 - Level 9.0 Fighting
 - Level 5.0 Armour
 - Level 5.0 Dodging
 - Level 6.0 Stealth
 - Level 7.0 Spellcasting
 - Level 1.0 Conjurations
 - Level 2.0 Transmutations
 - Level 1.0 Fire Magic
 - Level 1.0 Air Magic
 * Level 10.4 Poison Magic
 - Level 2.0 Invocations
 - Level 2.0 Evocations


You had 11 spell levels left.
You knew the following spells:

 Your Spells              Type           Power      Damage    Failure   Level
a - Sting                 Tmut/Pois      100%       1d8       1%          1
b - Poisonous Vapours     Pois/Air       58%        N/A       1%          2
c - Olgreb's Toxic Radia  Pois           48%        N/A       1%          4
d - Mephitic Cloud        Conj/Pois/Air  23%        N/A       7%          3
e - Ignite Poison         Fire/Tmut/Pois 24%        N/A       6%          3

Your spell library contained the following spells:

 Spells                   Type           Power      Damage    Failure   Level
 Wereblood                Tmut           15%        N/A       8%          2
 Scorch                   Fire           22%        2d6       12%         2
 Sublimation of Blood     Necr           7%         N/A       19%         2
 Conjure Flame            Conj/Fire      11%        6-21      24%         3
 Corpse Rot               Necr/Pois/Air  22%        N/A       26%         4
 Gell's Gravitas          Tloc           7%         N/A       34%         3
 Lesser Beckoning         Tloc           7%         N/A       34%         3
 Teleport Other           Tloc           7%         N/A       34%         3
 Tukima's Dance           Hex            7%         N/A       34%         3
 Flame Wave               Conj/Fire      11%        2d6       61%         4
 Sticky Flame             Conj/Fire      11%        2d3       61%         4
 Dispel Undead            Necr           7%         3d8       75%         4
 Passage of Golubria      Tloc           7%         N/A       75%         4
 Yara's Violent Unravell  Hex/Tmut       5%         3d4       91%         5
 Death Channel            Necr           3%         N/A       100%        6
 Summon Cactus Giant      Summ           3%         N/A       100%        6
 Summon Hydra             Summ           3%         N/A       100%        7


Dungeon Overview and Level Annotations

Branches:
Dungeon (10/15)            Temple (1/1) D:7             Orc (0/2) D:10
   Lair: D:8-11

Altars:
Ashenzari
Cheibriados
Dithmenos
Elyvilon
Fedhas
Gozag
Hepliaklqana
Makhleb
Nemelex Xobeh
Okawaru
Qazlal
Ru
Uskayaw
Vehumet
Wu Jian
Xom
Yredelemnul
Zin
The Shining One

Shops:
D:6 *

Annotations:
D:4 Menkaure
D:5 1 runed translucent door, deadpool521's ghost, amateur MiGl
D:10 Urug


Innate Abilities, Weirdness & Mutations

Your life essence is reduced to manifest your ancestor. (-10% HP)
Your serpentine skin is tough. (AC +3)
You have supernaturally acute eyesight. (SInv)
Armour fits poorly on your strangely shaped body.
Your system is resistant to poisons. (rPois)
You cover ground very slowly.
You can spit poison.
You have a snake-like lower body.


Message History

The killer bee stings Ulric.
Ulric hits the killer bee.
The killer bee stings Ulric!
The catoblepas breathes a plume of calcifying dust at you.
The blast of calcifying dust hits you!
* * * LOW HITPOINT WARNING * * *
The catoblepas looks even sicker.
The killer bee looks even sicker.
Your surroundings suddenly seem different. 2 orc warriors and 4 orcs come into view.
An orc is wielding a +2 flail of protection.
Found 56 gold pieces, a scroll labelled REISIQ XIAPSY and a ring mail.
Found a staircase to the Orcish Mines.
You feel a bit more experienced.
Found a club.
The orc is poisoned.
The orc warrior shouts!
The orc warrior is poisoned.
The orc warrior shouts!
The orc warrior is poisoned.
The orc shouts!
The orc is poisoned.
The orc shouts!
The orc is poisoned.
Your toxic aura wanes.
The orc warrior unwields a +0 dire flail.
The orc warrior wields a +0 arbalest.
The orc warrior shoots a bolt.
The bolt hits you!
* * * LOW HITPOINT WARNING * * *
The orc warrior unwields a +0 battleaxe.
The orc warrior wields a +0 arbalest.
The orc warrior shoots a bolt.
The bolt hits you.
* * * LOW HITPOINT WARNING * * *
Unknown command.
Okay, then.
Blink to where?
Press: ? - help, Dir - move target Urug the Orcish Ballista comes into view.
She is wielding a +3 eveningstar.
As you read the scroll of blinking, it crumbles to dust.
Urug shouts!
Urug roars.
Urug throws a javelin.
The javelin closely misses you.
Urug throws a javelin.
The javelin pierces through you!!
You die...

######............#
#............###
................
.................
..................
...................
....................
............)......o.
.......@........
#####.#########. # #
#### #.. ... ... ..
#.. .# #.. .#
#########..
.###########
##....<.....


You could see Urug.

Vanquished Creatures
  2 two-headed ogres
  A cyclops (D:7)
  Maggie (D:9)
  3 trolls
  3 hornets
  Grinder (D:6)
  5 yaks (D:9)
  A steam dragon (D:7)
  A water moccasin (D:6)
  2 orc warriors
  A black bear (D:6)
  3 sky beasts
  An ogre (D:6)
  3 centaurs (D:10)
  2 kobold brigands
  2 phantoms (D:5)
  A gnoll sergeant (D:5)
  3 bullfrogs
  A necrophage (D:6)
  2 scorpions
  Dowan (D:5)
  11 killer bees
  A howler monkey (D:5)
  A jelly (D:7)
  Crazy Yiuf (D:4)
  3 orc priests
  5 hounds
  4 iguanas
  4 orc wizards
  Ijyb (D:4)
  11 gnolls
  7 adders
  2 worms
  3 dart slugs
  25 orcs
  4 ball pythons
  8 bats
  4 endoplasms
  4 giant cockroaches
  7 goblins
  5 hobgoblins
  13 jackals
  16 kobolds
  6 quokkas
  4 frilled lizards
  5 rats
195 creatures vanquished.

Vanquished Creatures (collateral kills)
  A troll (D:9)
  A yak (D:9)
  A gnoll sergeant (D:9)
  A gnoll (D:9)
  An orc (D:9)
  A kobold (D:9)
6 creatures vanquished.

Vanquished Creatures (others)
  An ancestor (D:10)
  A kobold (D:7)
  A butterfly (D:5)
  6 fungi (D:5)
9 creatures vanquished.

Grand Total: 210 creatures vanquished

Notes
Turn   | Place    | Note
-------+----------+-------------------------------------------
     0 | D:1      | Lutefisk the Naga Venom Mage began the quest for the Orb.
     0 | D:1      | Reached XP level 1. HP: 15/15 MP: 3/3
    26 | D:1      | Reached skill level 1 in Fighting
    95 | D:1      | Reached XP level 2. HP: 19/25 MP: 0/5
   339 | D:2      | Learned a level 2 spell: Poisonous Vapours
   634 | D:2      | Reached XP level 3. HP: 31/33 MP: 4/6
   642 | D:2      | Found a glowing golden altar of the Shining One.
   894 | D:2      | Reached XP level 4. HP: 42/42 MP: 7/7
   952 | D:3      | Learned a level 4 spell: Olgreb's Toxic Radiance
  1312 | D:3      | You fall into a shaft and drop 3 floors!
  1334 | D:6      | Noticed Grinder
  1338 | D:6      | Reached skill level 5 in Poison Magic
  1344 | D:5      | Entered Level 5 of the Dungeon
  1410 | D:5      | Reached XP level 5. HP: 44/49 MP: 3/8
  1462 | D:4      | Noticed Menkaure
  1472 | D:4      | Noticed Ijyb
  1551 | D:3      | Reached skill level 5 in Stealth
  2022 | D:3      | Found an iron altar of Okawaru.
  2120 | D:3      | Found a radiant altar of Vehumet.
  2164 | D:3      | Found a sacrificial altar of Ru.
  2210 | D:4      | Reached XP level 6. HP: 44/57 MP: 0/9
  2365 | D:4      | Found a runed translucent door.
  2370 | D:4      | Learned a level 3 spell: Mephitic Cloud
  2370 | D:4      | Noticed Crazy Yiuf
  2379 | D:4      | Paralysed by you for 4 turns
  2384 | D:4      | Killed Crazy Yiuf
  2502 | D:5      | Noticed a water moccasin
  2660 | D:4      | Killed Ijyb
  2661 | D:4      | Reached skill level 1 in Conjurations
  2826 | D:5      | Found a white marble altar of Elyvilon.
  2945 | D:5      | Found a runed translucent door.
  2945 | D:5      | Noticed deadpool521's ghost (amateur MiGl)
  3133 | D:5      | Reached skill level 6 in Poison Magic
  3133 | D:5      | Reached XP level 7. HP: 34/64 MP: 11/11
  3239 | D:5      | Reached skill level 7 in Poison Magic
  3396 | D:5      | Reached skill level 1 in Evocations
  3680 | D:5      | Reached skill level 1 in Armour
  3816 | D:5      | Noticed Duvessa
  3828 | D:5      | Noticed Dowan
  3831 | D:5      | Noticed Duvessa
  3831 | D:5      | Duvessa changed into Duvessa the adder
  3834 | D:5      | Killed Duvessa the adder
  3841 | D:5      | Killed Dowan
  3978 | D:5      | Reached skill level 8 in Poison Magic
  4051 | D:6      | Found a sparkling altar of Nemelex Xobeh.
  4060 | D:6      | Became a worshipper of Nemelex Xobeh the Trickster
  4113 | D:6      | Found Lunkuopt's Elemental Accessories.
  4213 | D:6      | Reached skill level 5 in Fighting
  4213 | D:6      | Reached XP level 8. HP: 68/74 MP: 1/12
  4251 | D:6      | Paralysed by Grinder for 4 turns
  4259 | D:6      | Killed Grinder
  4364 | D:6      | Reached skill level 1 in Air Magic
  4364 | D:6      | Reached skill level 1 in Invocations
  4368 | D:6      | Learned a level 3 spell: Ignite Poison
  4389 | D:6      | Reached skill level 1 in Fire Magic
  4582 | D:6      | Found a glowing silver altar of Zin.
  4582 | D:6      | Noticed an angel
  4908 | D:7      | Noticed a hornet
  4914 | D:7      | Killed a hornet
  4915 | D:7      | Reached skill level 9 in Poison Magic
  4915 | D:7      | Reached XP level 9. HP: 77/82 MP: 7/15
  4943 | D:7      | Noticed a troll
  4949 | D:7      | Noticed a two-headed ogre
  4991 | D:7      | Noticed a cyclops
  4991 | D:7      | Noticed a two-headed ogre
  5045 | D:6      | Killed a troll
  5046 | D:6      | Reached skill level 10 in Poison Magic
  5191 | D:7      | Killed a cyclops
  5194 | D:7      | Noticed a troll
  5198 | D:6      | Killed a two-headed ogre
  5199 | D:6      | Reached skill level 5 in Spellcasting
  5295 | D:7      | Reached XP level 10. HP: 86/94 MP: 7/17
  5374 | D:7      | Killed a two-headed ogre
  5403 | D:7      | Found an opulent altar of Gozag.
  5535 | D:7      | Found a staircase to the Ecumenical Temple.
  5544 | Temple   | Entered the Ecumenical Temple
  5549 | Temple   | Fell from the grace of Nemelex Xobeh
  5549 | Temple   | Became a worshipper of Hepliaklqana the Forgotten
  5690 | D:7      | Identified the +1 sling of Cataclysm {flame, Fragile
                  | Will+++ Str+4 Int+3}
  6098 | D:8      | Found a stormy altar of Qazlal.
  6174 | D:8      | Found a glowing golden altar of the Shining One.
  6393 | D:9      | Reached * piety under Hepliaklqana
  6527 | D:9      | Noticed Maggie
  6532 | D:9      | Killed Maggie
  6533 | D:9      | Reached skill level 5 in Armour
  6629 | D:9      | Reached skill level 5 in Dodging
  6638 | D:9      | Reached XP level 11. HP: 85/95 MP: 10/20
  6922 | D:10     | Entered Level 10 of the Dungeon
  7032 | D:10     | Noticed a catoblepas
  7050 | D:10     | Found a staircase to the Orcish Mines.
  7051 | D:10     | HP: 4/95 [orc warrior/bolt (6)]
  7052 | D:10     | Noticed Urug
  7053 | D:10     | Hit by a javelin thrown by Urug

Illustrated notes

Levels and vault maps discovered:
D:1:      dpeg_chamrin_arrival_tetris, layout_basic, nicolae_titane
D:2:      layout_basic, hellmonk_ecumenical_altar_leap_of_faith, basic_altar
D:3:      layout_loops_ring, nicolae_vehumet_radiance,
          nicolae_overflow_hidden_temple, minmay_misc_feat_ornament
D:4:      nicolae_BIG_FREAKIN_CUBE, layout_basic, uniq_menkaure,
          uniq_crazy_yiuf_cottage, uniq_ijyb
D:5:      minmay_opposing_rooms, layout_basic, nicolae_elyvilon_peaceful_grove,
          serial_aquarium, aquarium_bridge_square [aquarium_subvault_bridge,
          aquarium_subvault_wall, aquarium_subvault_bridge,
          aquarium_subvault_window], aquarium_window_2, aquarium_window_1,
          aquarium_window_3, aquarium_view_2c, aquarium_balcony_3a,
          hellmonk_ghost_happy_afterlife, uniq_duvessa
D:6:      layout_loops_ring, zin_angel, mainiacjoe_overflow_paths,
          nicolae_elemental_shop, uniq_grinder
D:7:      minmay_blocky_corners, layout_rooms, grunt_gozag_breadcrumbs,
          minmay_temple_entry_large_hall, minmay_misc_feat_room, fountainhead
D:8:      layout_basic, tso_metal_star, kennysheep_mini_moat
D:9:      layout_irregular_city, serial_bayou_pond_e, uniq_maggie
D:10:     kennysheep_kobold_lugonu_temple, layout_long_grid,
          mainiacjoe_overflow_alcove_4, trog_butcher_becter, orc_david_3,
          ebering_ghost_funeral_grove, uniq_maurice, uniq_urug
Temple:   hellmonk_temple_micro_hex

Skill      XL: |  1  2  3  4  5  6  7  8  9 10 11 |
---------------+----------------------------------+-----
Fighting       | 1 2 3 4 5 6 7 9 |  9.0
Poison Magic   | 5 6 8 9 10 | 10.4
Stealth        | 4 5 6 |  6.0
Transmutations | 2 |  2.0
Spellcasting   | 3 4 5 6 7 |  7.0
Conjurations   | 1 |  1.0
Evocations     | 1 2 |  2.0
Dodging        | 2 3 5 |  5.0
Armour         | 1 2 4 5 |  5.0
Air Magic      | 1 |  1.0
Invocations    | 2 |  2.0
Fire Magic     | 1 |  1.0

Action                   |  1- 3 |  4- 6 |  7- 9 | 10-12 || total
-------------------------+-------+-------+-------+-------++-------
Melee: Unarmed           |    10 |       |       |       ||    10
       Mace              |    19 |       |       |       ||    19
       Club              |     9 |       |       |       ||     9
       Dagger            |    12 |    62 |    57 |     6 ||   137
       Quarterstaff      |       |     9 |    55 |    42 ||   106
       Punch             |       |       |     2 |       ||     2
 Fire: Sling             |     1 |    41 |    13 |       ||    55
 Cast: Sting             |    47 |    76 |    58 |    21 ||   202
       Poisonous Vapours |     1 |    10 |    18 |    21 ||    50
       Olgreb's Toxic Ra |       |     2 |     3 |    12 ||    17
       Mephitic Cloud    |       |     2 |     9 |     3 ||    14
       Ignite Poison     |       |       |     2 |     8 ||    10
Evoke: Wand              |       |       |     1 |       ||     1
  Use: Scroll            |       |     4 |     1 |     7 ||    12
 Stab: Sleeping          |       |     1 |     1 |     1 ||     3
       Confused          |       |       |     2 |       ||     2
Armor: Robe              |    16 |    21 |     5 |       ||    42
       Ring mail         |       |       |    49 |       ||    49
       Troll leather arm |       |       |     2 |    30 ||    32
Dodge: Dodged            |    33 |    56 |    54 |    42 ||   185
